 Dungeon Crawl Stone Soup version 0.29-a0-283-ga02f740833 (webtiles) character file.

Game seed: 10533580369930033983

216 Ajdolov the Poker (level 5, -4/42 HPs)
             Began as a Merfolk Gladiator on Mar 13, 2022.
             Slain by a gnoll
             ... wielding a +0 flail
              (9 damage)
             ... on level 3 of the Dungeon.
             The game lasted 00:04:11 (3320 turns).

Ajdolov the Poker (Merfolk Gladiator)               Turns: 3320, Time: 00:04:11

Health: -4/42      AC:  6    Str: 17    XL:     5   Next: 93%
Magic:  5/5        EV: 12    Int:  7    God:
Gold:   108        SH:  0    Dex: 15    Spells: 4/4 levels left

rFire   + . .      SeeInvis .   a - +0 trident
rCold   . . .      Faith    .   (no shield)
rNeg    . . .      Spirit   .   o - +0 ring mail
rPois   .          Reflect  .   c - +0 helmet
rElec   .          Harm     .   (no cloak)
rCorr   .          Rampage  .   (no gloves)
Will    .....                   (no boots)
Stlth   +.........              (no amulet)
HPRegen 0.14/turn               b - ring of protection from fire
MPRegen 0.09/turn               (no ring)

@: no status effects
A: (nimble swimmer 2), mertail
a: no special abilities


You were on level 3 of the Dungeon.
You visited 1 branch of the dungeon, and saw 3 of its levels.

You collected 108 gold pieces.

Inventory:

Hand Weapons
 a - a +0 trident (weapon)
Missiles
 d - 3 throwing nets (quivered)
 e - 7 javelins
Armour
 c - a +0 helmet (worn)
 o - a +0 ring mail (worn)
Jewellery
 b - a ring of protection from fire (left hand)
Scrolls
 g - 5 scrolls of identify {unknown}
 h - a scroll of teleportation
 i - a scroll of silence {unknown}
 j - a scroll of acquirement {unknown}
Potions
 f - a potion of resistance {unknown}
 k - a potion of berserk rage {unknown}
 l - a potion of degeneration {unknown}
 m - 2 potions of cancellation {unknown}
 n - a potion of curing
 p - a potion of mutation {unknown}


   Skills:
 + Level 4.1 Fighting
 * Level 7.3 Polearms
 - Level 2.0 Throwing
 - Level 4.0 Dodging


You had 4 spell levels left.
You didn't know any spells.
Your spell library was empty.

Dungeon Overview and Level Annotations

Branches:
Dungeon (3/15)

Altars:

Annotations:
D:2 1 runed translucent door, Crazy Yiuf


Innate Abilities, Weirdness & Mutations

((You are very nimble when in or above water. (Stealth+, EV+, Speed+++)))
Your lower body shifts to a powerful aquatic tail in water.


Message History

You hit the hobgoblin.
The hobgoblin is moderately wounded.
You feel sick. The hobgoblin barely misses you.
You puncture the hobgoblin!
You kill the hobgoblin!
You feel sick.
The gnoll hits you from afar with a +0 halberd.
You hit the gnoll.
The gnoll is moderately wounded.
You feel sick. The gnoll hits you but does no damage.
The gnoll hits you with a +2 whip of freezing.
The gnoll freezes you.
You puncture the gnoll!
You kill the gnoll!
You feel sick. The gnoll barely misses you.
You puncture the gnoll!
The gnoll is heavily wounded.
You feel sick. The gnoll hits you with a +0 flail.
The gnoll hits you from afar with a +0 halberd!
* * * LOW HITPOINT WARNING * * *
You feel sick.
You feel sick.
You feel sick.
You are no longer poisoned.
The gnoll attacks as you move away! The gnoll closely misses you.
The orc shouts!
You closely miss the gnoll.
The gnoll is heavily wounded.
The gnoll hits you but does no damage.
You closely miss the orc. You barely miss the orc. The gnoll misses you.
The orc hits you with a +0 whip.
* * * LOW HITPOINT WARNING * * *
You puncture the orc!
You kill the orc!
The gnoll barely misses you. The gnoll hits you with a +0 flail.
* * * LOW HITPOINT WARNING * * *
Things that are here:
a +0 whip; an orc corpse The gnoll attacks as you move away!
The gnoll hits you with a +0 flail!
You die...

### ###.#. #...####
..... #....@.# >...
#...##g# #.#. #..
#.# #... ... #g# #..
### #.# #K. #.# #g.
##.###### #.. .
#.......########..
..##.#....##........


You could see 2 gnolls.

Vanquished Creatures
  Natasha (thrice) (D:3)
  6 adders
  A gnoll (D:3)
  A worm (D:2)
  A dart slug (D:1)
  6 orcs (D:3)
  3 ball pythons
  2 bats (D:2)
  7 endoplasms
  3 giant cockroaches
  2 goblins (D:2)
  5 hobgoblins
  10 jackals (D:1)
  2 quokkas
  2 frilled lizards (D:2)
  8 kobolds
  4 rats
66 creatures vanquished.

Notes
Turn   | Place    | Note
-------+----------+-------------------------------------------
     0 | D:1      | Ajdolov the Merfolk Gladiator began the quest for the Orb.
     0 | D:1      | Reached XP level 1. HP: 16/16 MP: 1/1
   377 | D:1      | Reached XP level 2. HP: 23/23 MP: 2/2
   743 | D:1      | Reached skill level 5 in Polearms
   744 | D:1      | Reached XP level 3. HP: 28/28 MP: 3/3
  1231 | D:2      | Found a faded altar of an unknown god.
  1319 | D:2      | Reached XP level 4. HP: 21/35 MP: 4/4
  1646 | D:2      | Reached skill level 6 in Polearms
  1668 | D:2      | Found a runed translucent door.
  1669 | D:2      | Noticed Crazy Yiuf
  2814 | D:3      | Noticed Natasha
  2827 | D:3      | Killed Natasha
  2828 | D:3      | Reached XP level 5. HP: 36/41 MP: 5/5
  2905 | D:3      | Noticed Natasha
  2913 | D:3      | Killed Natasha
  2944 | D:3      | Noticed Natasha
  2957 | D:3      | Killed Natasha
  3182 | D:3      | Reached skill level 7 in Polearms
  3320 | D:3      | Slain by a gnoll

Illustrated notes

Levels and vault maps discovered:
D:1:      onia_arrival_pyramid, layout_basic, minmay_distorted
D:2:      layout_loops_ring, hellmonk_ecumenical_altar_slurped_away,
          grunt_decor_cap, minmay_crystal_water, uniq_crazy_yiuf_cottage
D:3:      layout_loops_cross, grunt_decor_one_mirror, uniq_natasha

Skill      XL: |  1  2  3  4  5 |
---------------+----------------+-----
Polearms       | 5 6 7 |  7.3
Fighting       | 3 4 |  4.1
Throwing       | |  2.0
Dodging        | |  4.0

Action                   |  1- 3 |  4- 6 || total
-------------------------+-------+-------++-------
Melee: Trident           |   115 |   147 ||   262
       Punch             |     1 |     2 ||     3
  Use: Potion            |       |     2 ||     2
       Scroll            |       |     1 ||     1
 Stab: Sleeping          |       |     2 ||     2
Armor: Leather armour    |    33 |     8 ||    41
       Ring mail         |       |    40 ||    40
Dodge: Dodged            |    82 |   111 ||   193

Table legend: (Time is in decaauts)
 A = Elapsed time spent in this place.
 B = Non-inter-level travel time spent in this place.
 C = Inter-level travel time spent in this place.
 D = Time resting spent in this place.
 E = Time spent auto-exploring this place.
 F = Levels seen in this place.
 G = Mean time per level.
                   A        B        C        D        E       F      G
               +--------+--------+--------+--------+--------+-----+--------+
         Total |   3315 |   3138 |    177 |    341 |   2269 |   3 | 1105.0 |
       Dungeon |   3315 |   3138 |    177 |    341 |   2269 |   3 | 1105.0 |
               +--------+--------+--------+--------+--------+-----+--------+

Top non-repeatable levels by time:
     D:2: 1473 daAuts
     D:1: 1152 daAuts
     D:3: 690 daAuts
